 Dungeon Crawl Stone Soup version 0.19-a0-376-gf780d9b (webtiles) character file.

3859 Duffy the Zephyrmancer (level 9, -2/63 HPs)
             Began as a High Elf Air Elementalist on May 30, 2016.
             Was a Follower of Cheibriados.
             Slain by a troll (4 damage)
             ... on level 9 of the Dungeon.
             The game lasted 00:16:51 (12606 turns).

Duffy the Zephyrmancer (High Elf Air Elementalist) Turns: 12606, Time: 00:16:52

Health: -2/63      AC:  4    Str: 13    XL:     9   Next: 99%
Magic:  3/17       EV: 18    Int: 22    God:    Cheibriados [*.....]
Gold:   422        SH:  0    Dex: 20    Spells: 4 memorised, 7 levels left

rFire  . . .     SeeInvis .     K - +0 lajatang
rCold  . . .     Gourm    .     a - +0 robe
rNeg   . . .     Faith    .     (shield currently unavailable)
rPois  .         Spirit   .     (no helmet)
rElec  .         Dismiss  .     (no cloak)
rCorr  .         Reflect  .     B - +0 pair of gloves
SustAt .         Harm     .     E - +0 pair of boots
MR     .....                    (no amulet)
Stlth  ++........               (no ring)
                                (no ring)

@: repel missiles, very slow, not resistant to hostile enchantments, unstealthy
A: no striking features
a: Bend Time, Renounce Religion


You were on level 9 of the Dungeon.
You worshipped Cheibriados.
Cheibriados was aware of your devotion.
You were not hungry.

You visited 2 branches of the dungeon, and saw 10 of its levels.

You collected 444 gold pieces.
You spent 22 gold pieces at shops.


   Skills:
 + Level 6.8 Fighting
 + Level 7.5 Dodging
 - Level 2.1 Stealth
 - Level 5.1 Spellcasting
 - Level 8.1 Conjurations
 - Level 8.8 Air Magic


You had 7 spell levels left.
You knew the following spells:

 Your Spells              Type           Power        Failure   Level  Hunger
a - Shock                 Conj/Air       ####         1%          1    None
c - Static Discharge      Conj/Air       #####...     1%          3    ##.....
l - Lightning Bolt        Conj/Air       #####.....   12%         5    #####..
m - Repel Missiles        Chrm/Air       ###...       2%          2    None

Inventory:

Hand Weapons
 D - a +0 blowgun
 K - a +0 lajatang (weapon)
Missiles
 J - 2 throwing nets (quivered)
Armour
 a - a +0 robe (worn)
 B - a +0 pair of gloves (worn)
 E - a +0 pair of boots (worn)
Magical Staves
 q - an uncursed staff of fire
 H - an uncursed staff of wizardry
Wands
 p - a wand of slowing (19/48)
 s - a wand of teleportation (2/9)
 t - a wand of flame (26/48)
Scrolls
 e - 2 scrolls of amnesia {unknown}
 g - 4 scrolls of noise {unknown}
 i - 5 scrolls of remove curse
 l - 2 scrolls of random uselessness {unknown}
 n - a scroll of magic mapping {unknown}
 r - a scroll of blinking {unknown}
 v - 2 scrolls of teleportation
 y - 2 scrolls of fog {unknown}
 A - a scroll of enchant armour {unknown}
 C - a scroll of immolation {unknown}
 G - a scroll of fear {unknown}
 I - a scroll of vulnerability
Potions
 d - 6 potions of curing
 f - 2 potions of agility
 h - 3 potions of cancellation
 j - a potion of magic
 k - a potion of resistance
 m - a potion of invisibility
 u - 4 potions of ambrosia
 x - a potion of heal wounds
 F - 2 potions of lignification
Books
 b - a book of Air
 o - a book of Battle
 N - a book of the Warp
Comestibles
 c - 10 bread rations
 w - 12 fruits
 z - 2 meat rations
 L - 5 beef jerkies

Dungeon Overview and Level Annotations

Branches:
Dungeon (9/15)             Temple (1/1) D:7            Lair (0/8) D:9
    Orc: D:9-12

Altars:
Ashenzari
Cheibriados
Dithmenos
Elyvilon
Fedhas
Gozag
Hepliaklqana
Kikubaaqudgha
Makhleb
Pakellas
Qazlal
Ru
Sif Muna
Trog
Ukayaw
Vehumet
Xom
Yredelemnul
Zin
The Shining One

Shops:
D:4 ?}   D:5 (

Annotations:
D:8 tstbtto's ghost, novice MiCK


Message History

Identify which item? (\ to view known items) (? for menu, Esc to quit)
As you read the scroll of identify, it crumbles to dust.
s - a wand of teleportation (2/9)
You open the door.
A troll comes into view.
Cast which spell? (? or * to list)
Aiming: Shock
Press: ? - help, Shift-Dir - straight line, f - troll
Aim: a troll (resting)
The zap hits the troll.
The troll is lightly wounded.
The troll shouts!
An ogre comes into view. It is wielding a giant club.
You open the door.
There is an open door here.
Cast which spell? (? or * to list)
Aiming: Lightning Bolt
Press: ? - help, Shift-Dir - straight line, p - troll
Okay, then.
The troll closely misses you. The troll claws you! The troll claws you.
Cast which spell? (? or * to list)
Aiming: Lightning Bolt
Press: ? - help, Shift-Dir - straight line, p - troll You hear a mighty clap of thunder!
The bolt of lightning hits the troll.
The troll is lightly wounded.
The bolt of lightning misses the troll.
The bolt of lightning hits the ogre.
You kill the ogre!
Cheibriados appreciates the change of pace.
The troll misses you. The troll completely misses you. The troll claws you!
Cast which spell? (? or * to list)
The troll is struck by lightning.
The troll is moderately wounded.
The lightning arcs!
You are struck by lightning.
The lightning grounds out.
The troll misses you. The troll claws you! The troll completely misses you.
Cast which spell? (? or * to list)
The troll is struck by lightning.
The troll is heavily wounded.
The lightning arcs!
You are struck by lightning.
The lightning arcs!
The troll is struck by lightning.
The troll is severely wounded.
The lightning grounds out.
The troll bites you! The troll claws you! The troll barely misses you.
Cast which spell? (? or * to list)
The troll is struck by lightning.
The troll is almost dead.
The lightning arcs!
You are struck by lightning.
The lightning grounds out.
The troll completely misses you. The troll closely misses you.
The troll claws you.
You die... ... .........>....#....+ ....# .# ..............##...#.....# P## ...............#...#.....# PP.

#..............#...'.....#
PP..#.......)......#..O#
PP..#.#####'#......#..##
.##.........####+###..#
.#...............T)...#
...#.........###@####.#
###..........#.....##.#
.............#.7.7.##.#
........<....'.._..+..#
.............#.7.7.#..#
##############.....##.#
###'####.########
#...............
#...............


You could see a troll.

Action                   |  1- 3 |  4- 6 |  7- 9 || total
-------------------------+-------+-------+-------++-------
Melee: Lajatang          |       |       |    18 ||    18
 Cast: Shock             |    89 |    79 |   276 ||   444
       Repel Missiles    |     1 |       |     1 ||     2
       Static Discharge  |     1 |       |    97 ||    98
       Lightning Bolt    |       |       |     1 ||     1
  Use: Scroll            |       |       |    15 ||    15
  Eat: Chunk             |     3 |     1 |    22 ||    26
       Meat ration       |       |     1 |       ||     1
       Beef jerky        |       |       |     2 ||     2
       Royal jelly       |       |       |     1 ||     1
       Pizza             |       |       |     1 ||     1
Armor: Robe              |     4 |     4 |    21 ||    29
Dodge: Dodged            |    16 |    22 |   117 ||   155
       Deflected         |     1 |     1 |     2 ||     4

Notes
Turn   | Place    | Note
--------------------------------------------------------------
     0 | D:1      | Duffy the High Elf Air Elementalist began the quest for the Orb.
     0 | D:1      | Reached XP level 1. HP: 11/11 MP: 4/4
   285 | D:1      | Reached XP level 2. HP: 11/17 MP: 0/6
   299 | D:1      | Learned a level 2 spell: Repel Missiles
   418 | D:2      | Reached skill level 2 in Conjurations
   456 | D:2      | Found a sacrificial altar of Ru.
   566 | D:3      | Found a glowing golden altar of the Shining One.
   592 | D:3      | Reached skill level 3 in Spellcasting
   801 | D:3      | Found a glowing silver altar of Zin.
   858 | D:3      | Reached XP level 3. HP: 21/21 MP: 5/8
   913 | D:2      | Found a radiant altar of Vehumet.
   922 | D:2      | Reached skill level 3 in Conjurations
  1107 | D:3      | Learned a level 3 spell: Static Discharge
  1323 | D:4      | Noticed epen's ghost (amateur DEAE)
  1703 | D:3      | Found an ancient bone altar of Kikubaaqudgha.
  1937 | D:3      | Reached XP level 4. HP: 27/27 MP: 4/9
  1938 | D:3      | Reached skill level 4 in Conjurations
  2668 | D:4      | Killed epen's ghost
  2668 | D:4      | Reached skill level 5 in Conjurations
  2668 | D:4      | Reached skill level 4 in Air Magic
  2668 | D:4      | Reached XP level 5. HP: 13/31 MP: 4/10
  2928 | D:4      | Reached XP level 6. HP: 14/36 MP: 6/12
  3144 | D:4      | Reached skill level 4 in Spellcasting
  3216 | D:4      | Found a hide-covered altar to Ukayaw.
  3299 | D:4      | Reached skill level 5 in Spellcasting
  3365 | D:4      | Learned a level 5 spell: Lightning Bolt
  3539 | D:4      | Found an oddly glowing altar of Pakellas.
  3539 | D:4      | Found Pakellas's Prime Provisions.
  3601 | D:4      | Found Kotzieb's Magic Scroll Shop.
  3606 | D:4      | Bought a scroll of identify for 22 gold pieces
  3677 | D:4      | Reached skill level 5 in Air Magic
  3698 | D:4      | Reached XP level 7. HP: 34/41 MP: 10/15
  3847 | D:4      | Found a white marble altar of Elyvilon.
  4040 | D:5      | Entered Level 5 of the Dungeon
  4066 | D:5      | Reached skill level 6 in Conjurations
  4184 | D:5      | Reached skill level 6 in Air Magic
  4873 | D:5      | Reached skill level 7 in Conjurations
  4873 | D:5      | Reached skill level 7 in Air Magic
  5008 | D:5      | Reached XP level 8. HP: 44/46 MP: 8/16
  5177 | D:5      | Found Upoxo's Antique Weapon Emporium.
  5434 | D:5      | Found a burning altar of Makhleb.
  5542 | D:5      | Found a shimmering altar of Xom.
  6763 | D:1      | Reached skill level 8 in Air Magic
  7649 | D:6      | Reached skill level 8 in Conjurations
  7844 | D:6      | Reached skill level 1 in Fighting
  8182 | D:6      | Found a shadowy altar of Dithmenos.
  8285 | D:6      | Reached skill level 2 in Fighting
  8355 | D:6      | Reached skill level 3 in Dodging
  8374 | D:6      | Reached skill level 3 in Fighting
  8983 | D:6      | Reached XP level 9. HP: 32/57 MP: 1/17
  9155 | D:7      | Reached skill level 4 in Dodging
  9371 | D:7      | Reached skill level 4 in Fighting
  9875 | D:7      | Reached skill level 5 in Dodging
 10136 | D:7      | Found a staircase to the Ecumenical Temple.
 10144 | D:7      | Reached skill level 5 in Fighting
 10160 | Temple   | Entered the Ecumenical Temple
 10370 | Temple   | Became a worshipper of Cheibriados the Contemplative
 10954 | D:7      | Reached skill level 6 in Dodging
 11017 | D:8      | Reached * piety under Cheibriados
 11356 | D:8      | Noticed tstbtto's ghost (novice MiCK)
 11699 | D:7      | Reached skill level 6 in Fighting
 11806 | D:9      | Found a staircase to the Lair.
 12161 | D:8      | Found a blossoming altar of Fedhas.
 12161 | D:8      | Found a deep blue altar of Sif Muna.
 12197 | D:9      | Reached skill level 7 in Dodging
 12401 | D:9      | Found a basalt altar of Yredelemnul.
 12592 | D:9      | Noticed a troll
 12606 | D:9      | Slain by a troll

Skill      XL: |  1  2  3  4  5  6  7  8  9 |
---------------+----------------------------+-----
Conjurations   | 2 3 5 7 8 |  8.1
Spellcasting   | 3 5 |  5.1
Air Magic      | 4 5 7 8 |  8.8
Fighting       | 3 6 |  6.8
Dodging        | 3 7 |  7.5
Stealth        | |  2.1

Vault maps used:
D:1:      lightli_arrival_lavapool
D:2:      vehumet_crystals, lemuel_doored_altar, serial_forest,
          infiniplex_forest_clump_double, infiniplex_forest_lined_3_way,
          infiniplex_forest_clump_curved, infiniplex_forest_end_2,
          infiniplex_forest_clump_tiny, infiniplex_forest_lined_4_way,
          infiniplex_forest_clump_long
D:3:      marbit_many_paths, tso_metal_star, zin_treasury, first_bread
D:4:      johnstein_pakellas_shop, kennysheep_mini_moat,
          overflow_temple_1_default, serial_shops, shop
D:5:      grunt_temple_overflow_champion_of_chaos, serial_shops, shop_statue
D:6:      nicolae_dithmenos_shadow_blocks, st_stairs_1, nicolae_zen_rock_garden
D:7:      minmay_temple_entry_grid, grunt_ogre_cave, minmay_misc_feat_chi
D:8:      nicolae_overflow_hidden_temple, overflow_temple_1_default,
          okawaru_gym_becter, serial_shops, shop, makhleb_altar_promises_db
D:9:      wad_woods_tower, kennysheep_little_box, dpeg_oklobed_lair
Temple:   circular_temple_6

Vanquished Creatures
  A wyvern
  The ghost of epen the Magician, an amateur DEAE of Vehumet
  An orc warrior
  2 ice beasts
  A sky beast
  2 phantoms
  A black bear
  A necrophage
  9 ogres
  4 centaurs
  A big kobold
  3 giant frogs
  A wyvern skeleton
  A water moccasin skeleton
  3 scorpions
  4 crimson imps
  A centaur zombie
  A quasit
  A centaur skeleton
  5 orc priests
  3 hounds
  2 iguanas
  5 orc wizards
  12 worker ants
  A hound zombie
  A hound skeleton
  A worker ant zombie
  7 gnolls
  7 adders
  2 shadow imps
  4 oozes
  An adder skeleton
  An adder zombie
  6 worms
  3 dart slugs
  5 giant geckos
  26 orcs
  6 bats
  4 giant cockroaches
  12 goblins
  7 hobgoblins
  17 jackals
  2 quokkas
  5 giant newts
  7 kobolds
  A quokka skeleton
  A quokka zombie
  3 rats
196 creatures vanquished.
